 Dungeon Crawl Stone Soup version 0.26-a0-1060-g086102a3f0 (webtiles) character file.

Game seed: 13700072465101836010

3104 sahdkjhfkaj the Cleaver (level 9, 0/82 HPs)
             Began as a Hill Orc Monk on Dec 13, 2020.
             Was a Priest of Beogh.
             Slain by an orc warrior
             ... wielding a +0 war axe
              (30 damage)
             ... in a bailey.
             The game lasted 00:15:59 (11223 turns).

sahdkjhfkaj the Cleaver (Hill Orc Monk)            Turns: 11223, Time: 00:16:00

Health: 0/82       AC: 17    Str: 17    XL:     9   Next: 90%
Magic:  13/13      EV:  8    Int: 10    God:    Beogh [***...]
Gold:   490        SH:  0    Dex: 13    Spells: 8/8 levels left

rFire    . . .     SeeInvis .   a - +0 war axe
rCold    . . .     Faith    .   (no shield)
rNeg     . . .     Spirit   .   b - +0 chain mail
rPois    .         Reflect  .   (no helmet)
rElec    .         Harm     .   q - +0 cloak
rCorr    .         Rampage  .   z - +0 pair of gloves
Will     .....                  (no boots)
Stlth    ..........             e - amulet of regeneration
HPRegen  0.63/turn              A - +4 ring of protection
MPRegen  0.13/turn              (no ring)

@: no status effects
A: no striking features
a: Smiting, Renounce Religion


You were in a bailey.
You worshipped Beogh.
Beogh was most pleased with you.
You visited 1 branch of the dungeon, and saw 8 of its levels.
You also visited: Bailey.

You collected 490 gold pieces.

Inventory:

Hand Weapons
 a - a +0 war axe (weapon)
   (You found it on level 5 of the Dungeon)
 p - the +9 lajatang of Fimbulwinter {flame, rC- Dex+5 SInv, unknown}
   (You found it on level 8 of the Dungeon)

   It has been specially enchanted to burn those struck by it, causing extra
   injury to most foes and up to half again as much damage against particularly
   susceptible opponents.
   Big, fiery blades are also staple armaments of hydra-hunters.
   It affects your dexterity (+5).
   It makes you vulnerable to cold.
   It lets you see invisible.
Missiles
 i - 45 poisoned darts (quivered)
 r - a javelin
 w - 14 curare-tipped darts {!f}
Armour
 b - a +0 chain mail (worn)
   (You found it on level 5 of the Dungeon)
 q - a +0 cloak (worn)
   (You took it off Crazy Yiuf on level 7 of the Dungeon)
 z - a +0 pair of gloves (worn)
   (You found it on level 6 of the Dungeon)
Jewellery
 e - an amulet of regeneration (around neck)
   (You found it on level 4 of the Dungeon)
 m - an uncursed ring of ice
   (You found it on level 3 of the Dungeon)
 A - a +4 ring of protection (left hand)
   (You found it on level 7 of the Dungeon)
Wands
 d - a wand of iceblast (17)
   (You found it on level 6 of the Dungeon)
Scrolls
 g - 3 scrolls of enchant weapon
 h - a scroll of enchant armour
 n - a scroll of immolation {!r}
 o - a scroll of fear
 v - 3 scrolls of teleportation {@r4}
 y - 3 scrolls of remove curse {@r2}
Potions
 c - 3 potions of curing {@q1}
 f - a potion of brilliance {unknown}
 j - a potion of heal wounds {unknown}
 k - a potion of flight {unknown}
 l - 2 potions of ambrosia {unknown}
 s - a potion of cancellation {unknown}
 t - a potion of lignification {unknown}
 u - a potion of mutation {unknown}
 x - a potion of haste {@q3}


   Skills:
 + Level 8.3 Fighting
 * Level 11.9 Axes
 + Level 6.6 Armour
 - Level 2.4 Dodging
 - Level 1.5 Stealth
 + Level 6.6 Invocations


You had 8 spell levels left.
You didn't know any spells.
Your spell library contained the following spells:

 Spells                   Type           Power        Failure   Level
 Corona                   Hex            #......      99%         1
 Slow                     Hex            #.......     100%        2
 Inner Flame              Hex/Fire       #.......     100%        3
 Portal Projectile        Hex/Tloc       #.....       100%        3
 Cause Fear               Hex            #.........   100%        4
 Leda's Liquefaction      Hex/Erth       #.........   100%        4


Dungeon Overview and Level Annotations

Branches:
Dungeon (8/15)             Temple (0/1) D:5          Bailey (1/1)
   Lair: D:8-11

Altars:
Dithmenos
Elyvilon
Fedhas
Qazlal
Trog
Vehumet
Zin

Annotations:
D:4 1 runed translucent door, Aerich's ghost, amateur GnWn; Menkaure
D:8 1 runed translucent door, LufLufFighter's ghost, novice HaHu


Message History

The hobgoblin shouts!
The goblin shouts!
Unknown command.
Your chain mail prevents you from hitting the orc knight.
Unknown command.
You hit the orc knight but do no damage.
A goblin comes into view. It is wielding a +0 hand axe.
The orc knight barely misses you.
Unknown command.
You completely miss the orc knight. You closely miss the orc knight.
The orc knight hits you but does no damage.
You barely miss the orc knight.
The orc warrior jeers loudly.
You hit the orc knight but do no damage.
You hit the orc warrior. You miss the orc knight.
The orc warrior no longer looks unusually strong.
Unknown command.
You hit the orc knight.
You hit the orc warrior but do no damage.
The orc knight roars a battlecry!
The orc warrior goes into a battle-frenzy!
The orc warrior says, "The messiah will be a true Orc!"
The orc warrior barely misses you.
Unknown command.
You hit the orc knight.
You hit the orc warrior but do no damage.
You slash the hobgoblin!
You kill the hobgoblin!
Beogh accepts your kill.
Unknown command.
You hit the orc knight but do no damage.
Your chain mail prevents you from hitting the goblin.
You completely miss the orc warrior.
The orc warrior hits you with a +0 war axe.
The goblin hits you but does no damage.
The orc knight hits you with a +0 broad axe!!
* * * LOW HITPOINT WARNING * * *
You hit the orc knight but do no damage.
You hit the orc warrior. You hit the goblin but do no damage.
The orc knight is no longer moving slowly.
The orc warrior closely misses you. The goblin hits you but does no damage.
Unknown command.
You barely miss the orc knight. You barely miss the goblin.
You hit the orc warrior.
The orc knight hits you with a +0 broad axe!
* * * LOW HITPOINT WARNING * * *
The goblin hits you but does no damage.
The orc warrior hits you with a +0 war axe!!
You die...
Beogh appreciates the orc warrior's killing of a heretic priest.

#....≈.≈K...#
#'###≈.≈###+#
#^.KK≈.≈K..^#
#'###≈.≈###+#
#....≈.≈K...#
######+######
#)))# #..)#
#o@o# ##g##


#oog# .).8gg. =..#...#..= ######.###### ... ... ($$ You could see an orc knight
(poisoned), 2 orc warriors, an orc (strong), a hobgoblin and 3 goblins.

Vanquished Creatures
  A two-headed ogre (D:7)
  Grinder (D:3)
  Sigmund (D:5)
  2 water moccasins
  2 orc warriors
  2 ice beasts (D:4)
  2 black bears
  2 sky beasts
  A phantom (D:6)
  A centaur (D:4)
  4 bullfrogs
  3 orc wizards
  4 hounds
  2 orc priests
  Crazy Yiuf (D:7)
  2 jellies
  Ijyb (D:4)
  6 worker ants
  A killer bee zombie (D:7)
  2 hound skeletons (D:4)
  A worker ant zombie (D:5)
  A howler monkey skeleton (D:6)
  7 adders
  A white imp (D:6)
  4 oozes
  An adder skeleton (D:4)
  A worm (D:2)
  A dart slug (D:3)
  4 leopard geckos
  21 orcs
  8 giant cockroaches
  17 goblins
  11 hobgoblins
  7 jackals
  10 kobolds
  5 quokkas
  2 ball pythons (D:1)
  A ball python skeleton (D:5)
  14 bats
  5 frilled lizards
  A quokka skeleton (D:4)
  10 rats
174 creatures vanquished.

Vanquished Creatures (collateral kills)
  A hobgoblin (Bailey)
1 creature vanquished.

Vanquished Creatures (others)
  3 orcs
  A quokka (D:6)
  6 fungi
  A plant (D:8)
11 creatures vanquished.

Grand Total: 186 creatures vanquished

Notes
Turn   | Place    | Note
-------+----------+-------------------------------------------
     0 | D:1      | sahdkjhfkaj the Hill Orc Monk began the quest for the Orb.
     0 | D:1      | Reached XP level 1. HP: 19/19 MP: 1/1
   130 | D:1      | Reached XP level 2. HP: 24/27 MP: 2/2
   309 | D:1      | Reached skill level 1 in Armour
   581 | D:1      | Reached XP level 3. HP: 24/33 MP: 3/3
   876 | D:1      | Reached skill level 5 in Axes
  1318 | D:2      | Reached XP level 4. HP: 10/40 MP: 4/4
  1732 | D:2      | Found a stormy altar of Qazlal.
  2416 | D:2      | Found a shadowy altar of Dithmenos.
  2780 | D:3      | Noticed Grinder
  2929 | D:3      | Reached XP level 5. HP: 36/47 MP: 5/5
  3399 | D:3      | Reached skill level 6 in Axes
  3921 | D:3      | Paralysed by Grinder for 6 turns
  4174 | D:3      | Paralysed by Grinder for 7 turns
  4503 | D:3      | Paralysed by Grinder for 2 turns
  4520 | D:3      | Paralysed by Grinder for 2 turns
  4526 | D:3      | Killed Grinder
  4527 | D:3      | Reached skill level 5 in Fighting
  4527 | D:3      | Reached skill level 7 in Axes
  4527 | D:3      | Reached XP level 6. HP: 9/56 MP: 6/6
  5016 | D:4      | Found a runed translucent door.
  5018 | D:4      | Noticed Aerich's ghost (amateur GnWn)
  5161 | D:4      | Became a worshipper of Beogh the Brigand
  5161 | D:4      | Reached * piety under Beogh
  5161 | D:4      | Reached ** piety under Beogh
  5173 | D:4      | Reached XP level 7. HP: 61/61 MP: 7/7
  5258 | D:4      | Found a glowing silver altar of Zin.
  5417 | D:4      | Noticed Menkaure
  5784 | D:4      | Noticed Ijyb
  5786 | D:4      | Paralysed by Ijyb for 2 turns
  5792 | D:4      | Paralysed by Ijyb for 6 turns
  5805 | D:4      | Paralysed by Ijyb for 3 turns
  5813 | D:4      | Paralysed by Ijyb for 6 turns
  5820 | D:4      | Killed Ijyb
  5821 | D:4      | Reached skill level 1 in Invocations
  6267 | D:4      | Reached skill level 8 in Axes
  6302 | D:5      | Entered Level 5 of the Dungeon
  6491 | D:5      | HP: 1/62 [ice beast (11)]
  6923 | D:5      | Found a staircase to the Ecumenical Temple.
  7047 | D:5      | Noticed Sigmund
  7086 | D:4      | Reached XP level 8. HP: 59/70 MP: 10/10
  7384 | D:4      | Reached skill level 9 in Axes
  8045 | D:5      | Killed Sigmund
  8187 | D:5      | Reached skill level 5 in Armour
  8388 | D:5      | Found a white marble altar of Elyvilon.
  8702 | D:6      | Reached skill level 10 in Axes
  8859 | D:6      | Reached XP level 9. HP: 66/79 MP: 12/12
  8977 | D:6      | Reached skill level 5 in Invocations
  9139 | D:6      | Found a bloodstained altar of Trog.
  9411 | D:6      | Found a white marble altar of Elyvilon.
  9724 | D:7      | Reached skill level 11 in Axes
  9886 | D:7      | Noticed a two-headed ogre
  9894 | D:7      | HP: 4/80 [two-headed ogre/+0 giant spiked club (13)]
  9895 | D:7      | Found a blossoming altar of Fedhas.
 10301 | D:7      | Found a radiant altar of Vehumet.
 10485 | D:7      | Found a runed translucent door.
 10486 | D:7      | Noticed Crazy Yiuf
 10501 | D:7      | Killed Crazy Yiuf
 10719 | D:7      | Killed a two-headed ogre
 10888 | D:8      | Reached *** piety under Beogh
 10908 | D:8      | Got a polished lajatang
 10959 | D:8      | Found a runed translucent door.
 10961 | D:8      | Noticed LufLufFighter's ghost (novice HaHu)
 10961 | D:8      | Noticed a polar bear
 10962 | D:8      | Identified the cursed +0 trident of Peidyg {antimagic,
                  | *Drain +Rage rC+ Dex+8}
 10982 | D:8      | Found a flagged portal.
 10998 | Bailey   | Entered a bailey
 11205 | Bailey   | Noticed an orc knight
 11223 | Bailey   | Slain by an orc warrior

Illustrated notes

Levels and vault maps discovered:
D:1:      minmay_arrival_shattered_statue, layout_loops_cross
D:2:      layout_rooms, marbit_many_paths, old_standard_altar, st_stairs_7,
          grunt_decor_resistance
D:3:      minmay_chambers_of_twos, layout_basic, uniq_grinder
D:4:      layout_gridville, lemuel_doored_altar, ebering_ghost_sewer_d,
          uniq_ijyb, uniq_menkaure
D:5:      layout_rooms, nicolae_overflow_hidden_temple,
          minmay_temple_entry_waves, portal_sewer_entry_f, uniq_sigmund
D:6:      minmay_diamond_boxcup, layout_basic, kennysheep_mini, basic_altar,
          lemuel_flamethrower_2
D:7:      layout_cave_pools, lemuel_coloured_pillars_altar, vehumet_crystals,
          uniq_crazy_yiuf_cottage
D:8:      layout_loops_ring, enter_bailey_3, ebering_ghost_funeral_grove
Bailey:   bailey_axe_1, bailey

Skill      XL: |  1  2  3  4  5  6  7  8  9 |
---------------+----------------------------+-----
Armour         | 1 2 3 4 5 6 |  6.6
Fighting       | 4 5 6 7 8 |  8.3
Axes           | 5 7 8 10 11 | 11.9
Invocations    | 3 4 6 |  6.6
Dodging        | |  2.4
Stealth        | |  1.5

Action                   |  1- 3 |  4- 6 |  7- 9 || total
-------------------------+-------+-------+-------++-------
Melee: Hand axe          |   142 |   194 |    62 ||   398
       War axe           |       |       |   346 ||   346
Throw: Dart              |       |    29 |    35 ||    64
       Javelin           |       |     2 |     2 ||     4
       Throwing net      |       |     1 |     1 ||     2
Invok: Convert to Beogh  |       |     1 |       ||     1
       Smiting           |       |       |     2 ||     2
Evoke: Wand              |       |       |     1 ||     1
  Use: Scroll            |       |     6 |     9 ||    15
       Potion            |       |       |     1 ||     1
 Stab: Sleeping          |     7 |       |       ||     7
       Held in net/web   |       |       |     1 ||     1
Armor: Robe              |    17 |    13 |       ||    30
       Ring mail         |       |    42 |       ||    42
       Scale mail        |       |    27 |    29 ||    56
       Chain mail        |       |       |   296 ||   296
       Skin              |       |       |     3 ||     3
Dodge: Dodged            |   116 |   121 |   258 ||   495

Table legend: (Time is in decaauts)
 A = Elapsed time spent in this place.
 B = Non-inter-level travel time spent in this place.
 C = Inter-level travel time spent in this place.
 D = Time resting spent in this place.
 E = Time spent auto-exploring this place.
 F = Levels seen in this place.
 G = Mean time per level.
                   A        B        C        D        E       F      G
               +--------+--------+--------+--------+--------+-----+--------+
         Total |  11244 |  10870 |    374 |   4194 |   4718 |   9 | 1249.3 |
       Dungeon |  11022 |  10648 |    374 |   4026 |   4716 |   8 | 1377.8 |
        Bailey |    222 |    222 |      0 |    168 |      2 |   1 |  222.0 |
               +--------+--------+--------+--------+--------+-----+--------+

Top non-repeatable levels by time:
     D:4: 2453 daAuts
     D:3: 2191 daAuts
     D:2: 1884 daAuts
     D:6: 1192 daAuts
     D:1: 1092 daAuts
     D:5: 1043 daAuts
     D:7: 966 daAuts
  Bailey: 222 daAuts
     D:8: 199 daAuts
